 Dungeon Crawl Stone Soup version 0.30-a0-322-g102857c98e (webtiles) character file.

Game seed: 2960730369070992486

60 ryw the Trooper (level 3, -1/30 HPs)
             Began as a Demonspawn Monk on Oct 27, 2022.
             Was a Priest of Vehumet.
             Killed by divine providence
             ... invoked by an orc priest
              (13 damage)
             ... on level 3 of the Dungeon.
             The game lasted 00:03:53 (2349 turns).

ryw the Trooper (Demonspawn Monk)                   Turns: 2349, Time: 00:03:54

Health: -1/30      AC:  3    Str: 11    XL:     3   Next: 82%
Magic:  5/6        EV: 12    Int: 15    God:    Vehumet [***...]
Gold:   149        SH:  0    Dex: 15    Spells: 1/6 levels left

rFire   . . .      SeeInvis .    h - +0 short sword
rCold   . . .      Faith    .    (no shield)
rNeg    . . .      Spirit   .    a - +0 robe
rPois   .          Reflect  .    (no helmet)
rElec   .          Harm     .    g - +0 cloak
rCorr   .          Rampage  .    (no gloves)
Will    .....                    (no boots)
Stlth   ++........               (no amulet)
HPRegen 0.25/turn                (no ring)
MPRegen 0.10/turn                (no ring)

@: no status effects
A: big brain 1
a: Renounce Religion


You were on level 3 of the Dungeon.
You worshipped Vehumet.
Vehumet was most pleased with you.
You visited 1 branch of the dungeon, and saw 3 of its levels.

You collected 149 gold pieces.

Inventory:

Hand Weapons
 h - a +0 short sword (weapon)
Missiles
 b - 6 curare-tipped darts (quivered)
 d - 7 poisoned darts
 n - a throwing net
Armour
 a - a +0 robe (worn)
 g - a +0 cloak (worn)
Scrolls
 f - a scroll of noise {unknown}
 k - 2 scrolls of identify {unknown}
 l - a scroll of teleportation
Potions
 c - 2 potions of mutation {unknown}
 e - a potion of attraction {unknown}
 i - a potion of ambrosia
 j - a potion of resistance {unknown}
 m - a potion of heal wounds {unknown}


   Skills:
 - Level 3.6 Fighting
 - Level 2.6 Dodging
 - Level 1.7 Stealth
 - Level 2.6 Unarmed Combat
 + Level 2.0 Spellcasting
 + Level 0.7 Conjurations
 + Level 0.3 Fire Magic
 + Level 0.6 Ice Magic


You had one spell level left.
You knew the following spells:

 Your Spells              Type           Power      Damage    Failure   Level
a - Foxfire               Conj/Fire      12%        2x1d4     5%          1
b - Freeze                Ice            12%        1d3       4%          1
c - Mephitic Cloud        Conj/Pois/Air  2%         N/A       16%         3

Your spell library contained the following spells:

 Spells                   Type           Power      Damage    Failure   Level
 Inner Flame              Hex/Fire       2%         N/A       16%         3
 Cause Fear               Hex            0%         N/A       91%         4
 Discord                  Hex            0%         N/A       100%        8


Dungeon Overview and Level Annotations

Branches:
Dungeon (3/15)

Altars:
Vehumet

Annotations:
D:3 3 runed translucent doors, koil's ghost, amateur SpHu


Innate Abilities, Weirdness & Mutations

You have an unusually large brain. (Int +2)


Message History

A rat comes into view.
An orc priest comes into view. It is wielding a +0 hand axe.
An orc priest comes into view. It is wielding a +0 dagger.
The orc priest shouts! x2
The orc priest looks encouraged for a moment.
An orc wizard comes into view. It is wielding a +0 dagger.
Casting: Foxfire (safe; 5% risk of failure)
Confirm with . or Enter, or press ? or * to list all spells.
You conjure some foxfire!
The orc wizard shouts!
The foxfire hits the rat.
You kill the rat!
Vehumet accepts your kill.
The orc priest miscasts a cantrip.
Casting: Foxfire (safe; 5% risk of failure)
Confirm with . or Enter, or press ? or * to list all spells.
You conjure some foxfire!
The foxfire hits the orc priest.
The orc priest is lightly wounded.
The endoplasm freezes you.
You are frozen.
What are your orders? t - Shout!
Orders for allies: a - Attack new target. r - Retreat! s - Stop attacking. g - Guard the area. f - Follow me.
Anything else - Cancel.
Gang up on whom?
Press: ? - help, Dir - move target, f - orc priest
Aim: an orc priest, wielding a +0 hand axe (lightly wounded) Attack!
The foxfire hits the orc priest.
The orc priest is moderately wounded.
The foxfire hits the orc priest.
The orc priest is heavily wounded.
The endoplasm closely misses you.
The orc priest mumbles some strange prayers to Beogh against you.
Pain shoots through your body! The endoplasm attacks as you move away!
The endoplasm completely misses you.
The orc priest mumbles some strange prayers to Beogh against you.
Beogh smites you!
You die...

#######.......#.......#
##### ##..###.#.......#
....###.......#.......#
........####.###.....##
.............####...##
.....................
#.........###.####
......###<.......########.
..##### #####...@Joo......
### ######†.o.....
......... #....o....
#......... ##........
##...#... #######


You could see 3 orc priests, an orc wizard and an endoplasm.

Vanquished Creatures
  An adder (D:2)
  A dart slug (D:1)
  7 ball pythons
  4 bats
  6 endoplasms
  A giant cockroach (D:3)
  3 goblins
  6 hobgoblins
  4 kobolds
  2 quokkas
  2 frilled lizards (D:2)
  8 rats
45 creatures vanquished.

Vanquished Creatures (others)
  28 foxfires
28 creatures vanquished.

Grand Total: 73 creatures vanquished

Notes
Turn   | Place    | Note
-------+----------+-------------------------------------------
     0 | D:1      | ryw the Demonspawn Monk began the quest for the Orb.
     0 | D:1      | Reached XP level 1. HP: 18/18 MP: 1/1
   238 | D:1      | Found a faded altar of an unknown god.
   245 | D:1      | Gained mutation: You have an unusually large brain. (Int
                  | +2) [demonic ancestry]
   245 | D:1      | Reached XP level 2. HP: 24/24 MP: 2/2
   359 | D:1      | Reached skill level 1 in Spellcasting
   686 | D:1      | Reached XP level 3. HP: 30/30 MP: 5/5
  1192 | D:1      | Prayed at the altar of an unknown god.
  1192 | D:1      | Became a worshipper of Vehumet
  1192 | D:1      | Reached * piety under Vehumet
  1192 | D:1      | Offered knowledge of Foxfire by Vehumet.
  1192 | D:1      | Reached ** piety under Vehumet
  1350 | D:1      | Learned a level 1 spell: Foxfire
  1356 | D:1      | Offered knowledge of Freeze by Vehumet.
  1374 | D:1      | Learned a level 1 spell: Freeze
  1423 | D:2      | Offered knowledge of Mephitic Cloud by Vehumet.
  1444 | D:2      | Learned a level 3 spell: Mephitic Cloud
  2227 | D:3      | Reached *** piety under Vehumet
  2311 | D:3      | Found a runed translucent gate.
  2313 | D:3      | Found a runed translucent gate.
  2313 | D:3      | Found a runed translucent gate.
  2316 | D:3      | Noticed koil's ghost (amateur SpHu)
  2349 | D:3      | Killed from afar by an orc priest

Illustrated notes

Levels and vault maps discovered:
D:1:      giann_wishing_wells, layout_basic, nicolae_ecumenical_snake_handling,
          grunt_decor_mini_mirrors
D:2:      wander_river, layout_loops_ring
D:3:      layout_rooms, gammafunk_ghost_necromancy, uniq_terence

Skill      XL: |  1  2  3 |
---------------+----------+-----
Spellcasting   | 1 2 |  2.0
Fighting       | |  3.6
Dodging        | |  2.6
Stealth        | |  1.7
Unarmed Combat | |  2.6
Conjurations   | |  0.7
Fire Magic     | |  0.3
Ice Magic      | |  0.6

Action                   || total
-------------------------++-------
Melee: Unarmed           ||    88
       Punch             ||     4
       Short sword       ||    25
 Cast: Foxfire           ||    16
  Use: Potion            ||     1
       Scroll            ||     4
 Stab: Sleeping          ||     1
Armor: Robe              ||    23
Dodge: Dodged            ||    76

Table legend: (Time is in decaauts)
 A = Elapsed time spent in this place.
 B = Non-inter-level travel time spent in this place.
 C = Inter-level travel time spent in this place.
 D = Time resting spent in this place.
 E = Time spent auto-exploring this place.
 F = Levels seen in this place.
 G = Mean time per level.
                   A        B        C        D        E       F      G
               +--------+--------+--------+--------+--------+-----+--------+
         Total |   2359 |   2282 |     77 |    111 |   1790 |   3 |  786.3 |
       Dungeon |   2359 |   2282 |     77 |    111 |   1790 |   3 |  786.3 |
               +--------+--------+--------+--------+--------+-----+--------+

Top non-repeatable levels by time:
     D:1: 1411 daAuts
     D:2: 800 daAuts
     D:3: 147 daAuts
